 Dungeon Crawl Stone Soup version 0.28-a0-769-g550dbda0cd (webtiles) character file.

Game seed: 7728095459336703930

1147 jasper the Covered (level 8, 0/61 HPs)
             Began as a Demonspawn Artificer on Oct 31, 2021.
             Was a Follower of Okawaru.
             Killed from afar by an acid dragon (14 damage)
             ... with a splash of acid
             ... on level 6 of the Dungeon.
             The game lasted 00:11:52 (8774 turns).

jasper the Covered (Demonspawn Artificer)           Turns: 8774, Time: 00:11:53

Health: 0/61       AC:  9    Str: 13    XL:     8   Next: 15%
Magic:  7/7        EV: 10    Int: 12    God:    Okawaru [*.....]
Gold:   165        SH:  0    Dex: 16    Spells: 7/7 levels left

rFire   . . .      SeeInvis .   l - +0 whip
rCold   . . .      Faith    .   (no shield)
rNeg    . . .      Spirit   .   o - +0 scale mail
rPois   .          Reflect  .   (helmet unavailable)
rElec   .          Harm     .   (no cloak)
rCorr   .          Rampage  .   (no gloves)
Will    .....                   (no boots)
Stlth   +.........              (no amulet)
HPRegen 0.20/turn               (no ring)
MPRegen 0.10/turn               (no ring)

@: about to teleport, studying 2 skills
A: horns 3, powered by pain 1, sharp scales 2, low mp 1, sturdy frame 1
a: Renounce Religion, Heroism


You were on level 6 of the Dungeon.
You worshipped Okawaru.
Okawaru was aware of your devotion.
You visited 2 branches of the dungeon, and saw 7 of its levels.

You collected 165 gold pieces.

Inventory:

Hand Weapons
 a - a +0 club
 l - a +0 whip (weapon)
 q - a +0 morningstar
Missiles
 g - 125 stones (quivered)
 h - 5 javelins
 i - 62 bolts
Armour
 b - a +0 leather armour
 c - a +0 scale mail
 k - a +0 ring mail
 o - a +0 scale mail (worn)
Magical Staves
 n - a staff of earth
Jewellery
 r - a ring of resist corrosion
Wands
 d - a wand of charming (11)
Scrolls
 j - a scroll of identify
 p - 2 scrolls of amnesia
Potions
 f - a potion of curing
 s - a potion of cancellation
Miscellaneous
 e - a piece from Xom's chessboard (14/15)


   Skills:
 + Level 4.8 Fighting
 * Level 6.0 Maces & Flails
 + Level 6.2 Armour
 - Level 1.6 Dodging
 - Level 0.8 Stealth
 - Level 3.0 Evocations


You had 7 spell levels left.
You didn't know any spells.
Your spell library contained the following spells:

 Spells                   Type           Power      Damage    Failure   Level
 Dazzling Flash           Conj/Hex       0%         N/A       94%         3
 Iskenderun's Mystic Bla  Conj/Tloc      0%         2d3       100%        4
 Starburst                Conj/Fire      0%         6d3       100%        6


Dungeon Overview and Level Annotations

Branches:
Dungeon (6/15)             Temple (1/1) D:5

Altars:
Fedhas
Hepliaklqana
Okawaru
Trog
Vehumet
Xom
The Shining One

Annotations:
D:3 exclusions: downstairs and statue
D:5 Dowan, Duvessa


Innate Abilities, Weirdness & Mutations

You have a pair of large horns on your head.
You sometimes gain a little power by taking damage.
You are mostly covered in razor-sharp scales. (AC +2, Slay +2)
Your magical capacity is low. (-10% MP)
Your movements are slightly less encumbered by armour. (ER -2)


Message History

You hit the centaur.
The centaur is severely wounded.
The centaur closely misses you.
The centaur kicks you but does no damage.
You completely miss the centaur.
The centaur is severely wounded.
The centaur hits you but does no damage.
The centaur barely misses you.
You hit the centaur.
The centaur is severely wounded.
The centaur hits you.
* * * LOW HITPOINT WARNING * * *
The centaur barely misses you.
You take 4 damage, and have 15/61 hp.
You hit the centaur.
You headbutt the centaur, but do no damage.
The centaur is almost dead.
The centaur closely misses you.
The centaur kicks you but does no damage.
The centaur hits you.
* * * LOW HITPOINT WARNING * * *
The centaur barely misses you.
You take 2 damage, and have 13/61 hp.
You hit the centaur.
You kill the centaur!
Okawaru accepts your kill.
Your Maces & Flails skill increases to level 6!
You now have 165 gold pieces (gained 4).
Items here: ( ) [ †.
Okay, then.
Things that are here:
a +0 short sword; 3 poisoned darts You start resting.
An acid dragon comes into view.
As you read the scroll of teleportation, it crumbles to dust.
You feel strangely unstable.
The acid dragon roars!
The acid dragon spits acid at you. The splash of acid hits you!
You die...

###### #....### #####
#......# #...# #.....@#
#...#
##.....)######.<.#######
#..>....)..)............
#......########.........
###......### #...#..#...#
#...........#...###.h.#...
#.........#...## #....# .
#......>D###### #...#..o
#....##### #..#...#


You could see an acid dragon (catching breath).

Vanquished Creatures
  A sky beast (D:6)
  2 necrophages
  A centaur (D:6)
  A bullfrog (D:6)
  A kobold brigand (D:6)
  2 scorpions
  A howler monkey (D:6)
  3 jellies
  An orc priest (D:5)
  2 hounds
  An iguana (D:5)
  A centaur zombie (D:5)
  2 orc wizards
  A gnoll (D:2)
  8 adders
  An adder skeleton (D:4)
  4 worms
  A dart slug (D:1)
  12 orcs
  6 bats
  8 endoplasms
  4 giant cockroaches
  7 goblins
  7 hobgoblins
  6 jackals
  5 kobolds
  7 quokkas
  5 ball pythons
  5 frilled lizards
  9 rats
115 creatures vanquished.

Vanquished Creatures (collateral kills)
  2 gnolls (D:2)
2 creatures vanquished.

Vanquished Creatures (others)
  A gnoll (D:2)
1 creature vanquished.

Grand Total: 118 creatures vanquished

Notes
Turn   | Place    | Note
-------+----------+-------------------------------------------
     0 | D:1      | jasper the Demonspawn Artificer began the quest for the
                  | Orb.
     0 | D:1      | Reached XP level 1. HP: 15/15 MP: 1/1
   207 | D:1      | Reached skill level 1 in Dodging
   531 | D:1      | Gained mutation: You have a pair of small horns on your
                  | head. [demonic ancestry]
   531 | D:1      | Reached XP level 2. HP: 21/21 MP: 2/2
   590 | D:1      | Identified a scroll of acquirement
   590 | D:1      | Acquired a manual of Armour
   596 | D:1      | Found a faded altar of an unknown god.
  1491 | D:1      | Reached skill level 1 in Maces & Flails
  1497 | D:1      | Gained mutation: You are partially covered in razor-sharp
                  | scales. (AC +1, Slay +1) [demonic ancestry]
  1497 | D:1      | Reached XP level 3. HP: 17/27 MP: 3/3
  2846 | D:2      | Gained mutation: You have a pair of horns on your head.
                  | [demonic ancestry]
  2846 | D:2      | Reached XP level 4. HP: 33/33 MP: 4/4
  3815 | D:3      | Found a radiant altar of Vehumet.
  3815 | D:3      | Noticed a charred statue
  3992 | D:3      | Reached XP level 5. HP: 39/39 MP: 5/5
  4193 | D:3      | Acquired a manual of Dodging
  5109 | D:4      | Noticed an ogre
  5516 | D:5      | Entered Level 5 of the Dungeon
  5547 | D:3      | Gained mutation: You sometimes gain a little power by
                  | taking damage. [demonic ancestry]
  5547 | D:3      | Reached XP level 6. HP: 33/47 MP: 6/6
  6135 | D:5      | Found a staircase to the Ecumenical Temple.
  6144 | Temple   | Entered the Ecumenical Temple
  6150 | Temple   | Became a worshipper of Warmaster Okawaru
  6465 | D:5      | Noticed Dowan
  6704 | D:4      | Gained mutation: Your magical capacity is low. (-10% MP)
                  | [potion of mutation]
  6704 | D:4      | Gained mutation: Your movements are slightly less
                  | encumbered by armour. (ER -2) [potion of mutation]
  6713 | D:4      | Gained mutation: You are mostly covered in razor-sharp
                  | scales. (AC +2, Slay +2) [demonic ancestry]
  6713 | D:4      | Reached XP level 7. HP: 22/53 MP: 6/6
  7294 | D:4      | Reached skill level 5 in Armour
  7771 | D:5      | Reached skill level 5 in Maces & Flails
  8328 | D:5      | Noticed Duvessa
  8646 | D:6      | Reached * piety under Okawaru
  8743 | D:6      | Gained mutation: You have a pair of large horns on your
                  | head. [demonic ancestry]
  8743 | D:6      | Reached XP level 8. HP: 31/61 MP: 7/7
  8774 | D:6      | Killed from afar by an acid dragon

Illustrated notes

Levels and vault maps discovered:
D:1:      kennysheep_arrival_seaside, layout_loops_corners,
          dilly_ecumenical_altar_fadedgnrine, minmay_pentomino_x2
D:2:      layout_basic
D:3:      minmay_inner_zag, layout_loops_ring, vehumet_statue, glass_columns_b,
          hangedman_decor_points
D:4:      minmay_door_path, layout_basic, minmay_misc_feat_diagonals
D:5:      layout_layer_cave, minmay_temple_entry_water_ring, uniq_duvessa
D:6:      cheibrodos_fzero, layout_basic
Temple:   regret_index_temple_chain_breaker

Skill      XL: |  1  2  3  4  5  6  7  8 |
---------------+-------------------------+-----
Dodging        | 1 |  1.6
Armour         | 2 3 4 6 |  6.2
Maces & Flails | 1 2 3 4 5 6 |  6.0
Fighting       | 2 3 4 |  4.8
Stealth        | |  0.8
Evocations     | |  3.0

Action                   |  1- 3 |  4- 6 |  7- 9 || total
-------------------------+-------+-------+-------++-------
Melee: Club              |    88 |       |       ||    88
       Headbutt          |    18 |    37 |    17 ||    72
       Whip              |    28 |   144 |   110 ||   282
Throw: Stone             |    83 |   109 |    20 ||   212
Evoke: Wand              |     5 |    14 |       ||    19
       Piece from Xom's  |       |     4 |     1 ||     5
  Use: Scroll            |     1 |     5 |     4 ||    10
       Potion            |       |     5 |       ||     5
Armor: Leather armour    |    17 |       |       ||    17
       Ring mail         |    11 |       |       ||    11
       Scale mail        |     4 |    67 |    52 ||   123
Dodge: Dodged            |    78 |    62 |    53 ||   193

Table legend: (Time is in decaauts)
 A = Elapsed time spent in this place.
 B = Non-inter-level travel time spent in this place.
 C = Inter-level travel time spent in this place.
 D = Time resting spent in this place.
 E = Time spent auto-exploring this place.
 F = Levels seen in this place.
 G = Mean time per level.
                   A        B        C        D        E       F      G
               +--------+--------+--------+--------+--------+-----+--------+
         Total |   8813 |   8458 |    355 |   2113 |   4858 |   7 | 1259.0 |
       Dungeon |   8682 |   8331 |    351 |   2009 |   4858 |   6 | 1447.0 |
        Temple |    131 |    127 |      4 |    104 |      0 |   1 |  131.0 |
               +--------+--------+--------+--------+--------+-----+--------+

Top non-repeatable levels by time:
     D:1: 2116 daAuts
     D:3: 2029 daAuts
     D:5: 1946 daAuts
     D:2: 1179 daAuts
     D:4: 1146 daAuts
     D:6: 263 daAuts
  Temple: 131 daAuts
